Workbook

Sheet 法非適用_駐車場整備事業
B2: 経営比較分析表（平成28年度決算）
B6: =データ!H6&" "&データ!I6 -> 千葉県君津市 坂田駐車場
B7: 業務名 | AQ7: 業種名 | CF7: 事業名 | DU7: 類似施設区分 | FJ7: 管理者の情報 | HX7: 立地 | JQ7: 周辺駐車場の需給実態調査 | LJ7: 駐車場使用面積(㎡) | ND7: グラフ凡例
B8: =データ!J7 -> 法非適用 | AQ8: =データ!K7 -> 駐車場整備事業 | CF8: =データ!L7 -> - | DU8: =データ!M7 -> Ａ３Ｂ１ | FJ8: 非設置 | HX8: =データ!S7 -> 駅 | JQ8: =データ!T7 -> 無 | LJ8: =データ!U7 -> 7429 | ND8: ■ | NF8: 当該施設値（当該値）
B9: 自己資本構成比率(％) | AQ9: 種類 | CF9: 構造 | DU9: 建設後の経過年数(年) | HX9: 収容台数(台) | JQ9: 一時間当たりの基本料金(円) | LJ9: 指定管理者制度の導入 | ND9: － | NF9: 類似施設平均値（平均値）
B10: =データ!O7 -> 該当数値なし | AQ10: =データ!P7 -> 都市計画駐車場 | CF10: =データ!Q7 -> 広場式 | DU10: =データ!R7 -> 38 | HX10: =データ!V7 -> 250 | JQ10: =データ!W7 -> 100 | LJ10: =データ!X7 -> 代行制 | ND10: 【】 | NF10: 平成28年度全国平均
ND11: 分析欄
H14: 1.収益等の状況 | IP14: 3.利用の状況 | ND14: 1. 収益等の状況について
ND15: 収益的収支比率が１００％以上となっているため、単年度黒字が続いている。 他会計補助金比率は、０％となっており、駐車台数１台当りの他会計補助金額も０円となっている。 売上高ＧＯＰ比率は、７６．７％となっており、平均値である５２．８％を上回っているため、収益に対する利益の割合も高い。また、ＥＢＩＴＩＤＡも２５．７４８千円となっており、平均値の７．４０７千円を上回っているため、収益性が高い施設となっている。
U30: =データ!$B$11 -> 40909 | AN30: =データ!$C$11 -> 41275 | BG30: =データ!$D$11 -> 41640 | BZ30: =データ!$E$11 -> 42005 | CS30: =データ!$F$11 -> 42370 | EL30: =データ!$B$11 -> 40909 | FE30: =データ!$C$11 -> 41275 | FX30: =データ!$D$11 -> 41640 | GQ30: =データ!$E$11 -> 42005 | HJ30: =データ!$F$11 -> 42370 | JC30: =データ!$B$11 -> 40909 | JV30: =データ!$C$11 -> 41275 | KO30: =データ!$D$11 -> 41640 | LH30: =データ!$E$11 -> 42005 | MA30: =データ!$F$11 -> 42370
J31: 当該値 | U31: =データ!Y7 -> 188 | AN31: =データ!Z7 -> 175 | BG31: =データ!AA7 -> 335 | BZ31: =データ!AB7 -> 398 | CS31: =データ!AC7 -> 429 | EA31: 当該値 | EL31: =データ!AJ7 -> 0 | FE31: =データ!AK7 -> 0 | FX31: =データ!AL7 -> 0 | GQ31: =データ!AM7 -> 0 | HJ31: =データ!AN7 -> 0 | IR31: 当該値 | JC31: =データ!DK7 -> 87.2 | JV31: =データ!DL7 -> 86.8 | KO31: =データ!DM7 -> 84.4 | LH31: =データ!DN7 -> 89.2 | MA31: =データ!DO7 -> 93.2 | ND31: 2. 資産等の状況について
J32: 平均値 | U32: =データ!AD7 -> 393.6 | AN32: =データ!AE7 -> 407.1 | BG32: =データ!AF7 -> 375.5 | BZ32: =データ!AG7 -> 441.2 | CS32: =データ!AH7 -> 368.2 | EA32: 平均値 | EL32: =データ!AO7 -> 11.4 | FE32: =データ!AP7 -> 11 | FX32: =データ!AQ7 -> 7.8 | GQ32: =データ!AR7 -> 6.7 | HJ32: =データ!AS7 -> 5.9 | IR32: 平均値 | JC32: =データ!DP7 -> 230 | JV32: =データ!DQ7 -> 244.3 | KO32: =データ!DR7 -> 238.1 | LH32: =データ!DS7 -> 261.8 | MA32: =データ!DT7 -> 268.7 | ND32: 企業債残高がないため、企業債残高料金収入比率は、０％となっている。
H34: 「経常損益」 | DY34: 「他会計補助金割合」 | IP34: 「施設の効率性」
ND48: 3. 利用の状況について
ND49: 稼働率は、９３．２％と平均値の２６８．７％を下回っているが、これは、平均駐車時間が７２２分と１台が長時間駐車を行う当該施設の特徴のためと考えられる。
U51: =データ!$B$11 -> 40909 | AN51: =データ!$C$11 -> 41275 | BG51: =データ!$D$11 -> 41640 | BZ51: =データ!$E$11 -> 42005 | CS51: =データ!$F$11 -> 42370 | EL51: =データ!$B$11 -> 40909 | FE51: =データ!$C$11 -> 41275 | FX51: =データ!$D$11 -> 41640 | GQ51: =データ!$E$11 -> 42005 | HJ51: =データ!$F$11 -> 42370 | JC51: =データ!$B$11 -> 40909 | JV51: =データ!$C$11 -> 41275 | KO51: =データ!$D$11 -> 41640 | LH51: =データ!$E$11 -> 42005 | MA51: =データ!$F$11 -> 42370
J52: 当該値 | U52: =データ!AU7 -> 0 | AN52: =データ!AV7 -> 0 | BG52: =データ!AW7 -> 0 | BZ52: =データ!AX7 -> 0 | CS52: =データ!AY7 -> 0 | EA52: 当該値 | EL52: =データ!BF7 -> 46.7 | FE52: =データ!BG7 -> 42.9 | FX52: =データ!BH7 -> 70.1 | GQ52: =データ!BI7 -> 74.9 | HJ52: =データ!BJ7 -> 76.7 | IR52: 当該値 | JC52: =データ!BQ7 -> 13946 | JV52: =データ!BR7 -> 11998 | KO52: =データ!BS7 -> 20427 | LH52: =データ!BT7 -> 23747 | MA52: =データ!BU7 -> 25748
J53: 平均値 | U53: =データ!AZ7 -> 105 | AN53: =データ!BA7 -> 61 | BG53: =データ!BB7 -> 40 | BZ53: =データ!BC7 -> 27 | CS53: =データ!BD7 -> 29 | EA53: 平均値 | EL53: =データ!BK7 -> 51.9 | FE53: =データ!BL7 -> 59.2 | FX53: =データ!BM7 -> 64.5 | GQ53: =データ!BN7 -> 60 | HJ53: =データ!BO7 -> 52.8 | IR53: 平均値 | JC53: =データ!BV7 -> 6188 | JV53: =データ!BW7 -> 7011 | KO53: =データ!BX7 -> 7612 | LH53: =データ!BY7 -> 7104 | MA53: =データ!BZ7 -> 7407
H55: 「他会計補助金額」 | DY55: 「売上高に対する営業総利益」 | IP55: 「減価償却前営業利益」
H60: 2.資産等の状況
CV63: ⑦敷地の地価(千円)
ND65: 全体総括
ND66: 利用の状況については、平均値よりは低いが、稼働率が低いというわけではなく、収益等の状況から見ても、例年、黒字が続いている収益性の高い施設となっている。
CV67: =データ!CM7 -> 289742
CV72: ⑧設備投資見込額(千円)
R76: =データ!$B$11 -> 40909 | AG76: =データ!$C$11 -> 41275 | AV76: =データ!$D$11 -> 41640 | BK76: =データ!$E$11 -> 42005 | BZ76: =データ!$F$11 -> 42370 | CV76: =データ!CN7 -> 3942 | GL76: =データ!$B$11 -> 40909 | HA76: =データ!$C$11 -> 41275 | HP76: =データ!$D$11 -> 41640 | IE76: =データ!$E$11 -> 42005 | IT76: =データ!$F$11 -> 42370 | KA76: =データ!$B$11 -> 40909 | KP76: =データ!$C$11 -> 41275 | LE76: =データ!$D$11 -> 41640 | LT76: =データ!$E$11 -> 42005 | MI76: =データ!$F$11 -> 42370
I77: 当該値 | R77: =データ!CB7 | AG77: =データ!CC7 | AV77: =データ!CD7 | BK77: =データ!CE7 | BZ77: =データ!CF7 | GC77: 当該値 | GL77: =データ!CO7 | HA77: =データ!CP7 | HP77: =データ!CQ7 | IE77: =データ!CR7 | IT77: =データ!CS7 | JR77: 当該値 | KA77: =データ!CZ7 -> 0 | KP77: =データ!DA7 -> 0 | LE77: =データ!DB7 -> 0 | LT77: =データ!DC7 -> 0 | MI77: =データ!DD7 -> 0
I78: 平均値 | R78: =データ!CG7 | AG78: =データ!CH7 | AV78: =データ!CI7 | BK78: =データ!CJ7 | BZ78: =データ!CK7 | GC78: 平均値 | GL78: =データ!CT7 | HA78: =データ!CU7 | HP78: =データ!CV7 | IE78: =データ!CW7 | IT78: =データ!CX7 | JR78: 平均値 | KA78: =データ!DE7 -> 123.1 | KP78: =データ!DF7 -> 92.3 | LE78: =データ!DG7 -> 85.4 | LT78: =データ!DH7 -> 76.3 | MI78: =データ!DI7 -> 64.1
H80: 「施設全体の減価償却の状況」 | GB80: 「累積欠損」 | JP80: 「債務残高」
B86: 全国平均
B87: ① | C87: ② | D87: ③ | E87: ⑪ | F87: ④ | G87: ⑤ | H87: ⑥ | I87: ⑦ | J87: ⑧ | K87: ⑨ | L87: ⑩ | M87: ⑪
B88: =データ!AI6 -> 【275.4】 | C88: =データ!AT6 -> 【13.3】 | D88: =データ!BE6 -> 【140】 | E88: =データ!DU6 -> 【194.5】 | F88: =データ!BP6 -> 【45.2】 | G88: =データ!CA6 -> 【19,129】 | H88: =データ!CL6 | I88: - | J88: - | K88: =データ!CY6 | L88: =データ!DJ6 -> 【122.6】

Sheet データ
A1: 駐車場事業(法非適) | Y1: 1 | Z1: 1 | AA1: 1 | AB1: 1 | AC1: 1 | AD1: 1 | AE1: 1 | AF1: 1 | AG1: 1 | AH1: 1 | AJ1: 1 | AK1: 1 | AL1: 1 | AM1: 1 | AN1: 1 | AO1: 1 | AP1: 1 | AQ1: 1 | AR1: 1 | AS1: 1 | AU1: 1 | AV1: 1 | AW1: 1 | AX1: 1 | AY1: 1 | AZ1: 1 | BA1: 1 | BB1: 1 | BC1: 1 | BD1: 1 | BF1: 1 | BG1: 1 | BH1: 1 | BI1: 1 | BJ1: 1 | BK1: 1 | BL1: 1 | BM1: 1 | BN1: 1 | BO1: 1 | BQ1: 1 | BR1: 1 | BS1: 1 | BT1: 1 | BU1: 1 | BV1: 1 | BW1: 1 | BX1: 1 | BY1: 1 | BZ1: 1 | CB1: 1 | CC1: 1 | CD1: 1 | CE1: 1 | CF1: 1 | CG1: 1 | CH1: 1 | CI1: 1 | CJ1: 1 | CK1: 1 | CO1: 1 | CP1: 1 | CQ1: 1 | CR1: 1 | CS1: 1 | CT1: 1 | CU1: 1 | CV1: 1 | CW1: 1 | CX1: 1 | CZ1: 1 | DA1: 1 | DB1: 1 | DC1: 1 | DD1: 1 | DE1: 1 | DF1: 1 | DG1: 1 | DH1: 1 | DI1: 1 | DK1: 1 | DL1: 1 | DM1: 1 | DN1: 1 | DO1: 1 | DP1: 1 | DQ1: 1 | DR1: 1 | DS1: 1 | DT1: 1
A2: 項番 | B2: =COLUMN()-1 -> 1 | C2: =COLUMN()-1 -> 2 | D2: =COLUMN()-1 -> 3 | E2: =COLUMN()-1 -> 4 | F2: =COLUMN()-1 -> 5 | G2: =COLUMN()-1 -> 6 | H2: =COLUMN()-1 -> 7 | I2: =COLUMN()-1 -> 8 | ... DU2: =COLUMN()-1 -> 124
A3: 大項目 | B3: 年度 | C3: 団体CD | D3: 業務CD | E3: 業種CD | F3: 事業CD | G3: 施設CD | H3: 基本情報 | Y3: 1. 収益等の状況 | CO3: 2. 資産等の状況 | DK3: 3.利用の状況
A4: 中項目 | Y4: ①法：経常収支比率、非：収益的収支比率(％) | AJ4: ②他会計補助金比率(％) | AU4: ③駐車台数一台当たりの他会計補助金額(円) | BF4: ④売上高ＧＯＰ比率(％) | BQ4: ⑤ＥＢＩＴＤＡ(千円) | CB4: ⑥有形固定資産減価償却率(％) | CM4: ⑦敷地の 地価(千円) | CN4: ⑧設備投資 見込額(千円) | CO4: ⑨累積欠損金比率(％) | CZ4: ⑩企業債残高対料金収入比率(％) | DK4: ⑪稼働率(％)
A5: 小項目 | H5: 団体名 | I5: 施設名称 | J5: 業務名称 | K5: 業種名称 | L5: 事業名称 | M5: 類似施設区分 | N5: 管理者の情報 | O5: 自己資本構成比率(％) | P5: 種類 | Q5: 構造 | R5: 建設後の経過年数 | S5: 立地 | T5: 周辺駐車場の需給実態調査 | U5: 駐車場使用面積 | V5: 収容台数（台） | W5: 一時間当たりの基本料金（円） | X5: 指定管理者制度の導入 | Y5: 当該値(N-4) | Z5: 当該値(N-3) | AA5: 当該値(N-2) | AB5: 当該値(N-1) | AC5: 当該値(N) | AD5: 類似施設平均(N-4) | AE5: 類似施設平均(N-3) | AF5: 類似施設平均(N-2) | AG5: 類似施設平均(N-1) | AH5: 類似施設平均(N) | AI5: 全国平均 | AJ5: 当該値(N-4) | AK5: 当該値(N-3) | AL5: 当該値(N-2) | AM5: 当該値(N-1) | AN5: 当該値(N) | AO5: 類似施設平均(N-4) | AP5: 類似施設平均(N-3) | AQ5: 類似施設平均(N-2) | AR5: 類似施設平均(N-1) | AS5: 類似施設平均(N) | AT5: 全国平均 | AU5: 当該値(N-4) | AV5: 当該値(N-3) | AW5: 当該値(N-2) | AX5: 当該値(N-1) | AY5: 当該値(N) | AZ5: 類似施設平均(N-4) | BA5: 類似施設平均(N-3) | BB5: 類似施設平均(N-2) | BC5: 類似施設平均(N-1) | BD5: 類似施設平均(N) | BE5: 全国平均 | BF5: 当該値(N-4) | BG5: 当該値(N-3) | BH5: 当該値(N-2) | BI5: 当該値(N-1) | BJ5: 当該値(N) | BK5: 類似施設平均(N-4) | BL5: 類似施設平均(N-3) | BM5: 類似施設平均(N-2) | BN5: 類似施設平均(N-1) | BO5: 類似施設平均(N) | BP5: 全国平均 | BQ5: 当該値(N-4) | BR5: 当該値(N-3) | BS5: 当該値(N-2) | BT5: 当該値(N-1) | BU5: 当該値(N) | BV5: 類似施設平均(N-4) | BW5: 類似施設平均(N-3) | BX5: 類似施設平均(N-2) | BY5: 類似施設平均(N-1) | BZ5: 類似施設平均(N) | CA5: 全国平均 | CB5: 当該値(N-4) | CC5: 当該値(N-3) | CD5: 当該値(N-2) | CE5: 当該値(N-1) | CF5: 当該値(N) | CG5: 類似施設平均(N-4) | CH5: 類似施設平均(N-3) | CI5: 類似施設平均(N-2) | CJ5: 類似施設平均(N-1) | CK5: 類似施設平均(N) | CL5: 全国平均 | CO5: 当該値(N-4) | CP5: 当該値(N-3) | CQ5: 当該値(N-2) | CR5: 当該値(N-1) | CS5: 当該値(N) | CT5: 類似施設平均(N-4) | CU5: 類似施設平均(N-3) | CV5: 類似施設平均(N-2) | CW5: 類似施設平均(N-1) | CX5: 類似施設平均(N) | CY5: 全国平均 | CZ5: 当該値(N-4) | DA5: 当該値(N-3) | DB5: 当該値(N-2) | DC5: 当該値(N-1) | DD5: 当該値(N) | DE5: 類似施設平均(N-4) | DF5: 類似施設平均(N-3) | DG5: 類似施設平均(N-2) | DH5: 類似施設平均(N-1) | DI5: 類似施設平均(N) | DJ5: 全国平均 | DK5: 当該値(N-4) | DL5: 当該値(N-3) | DM5: 当該値(N-2) | DN5: 当該値(N-1) | DO5: 当該値(N) | DP5: 類似施設平均(N-4) | DQ5: 類似施設平均(N-3) | DR5: 類似施設平均(N-2) | DS5: 類似施設平均(N-1) | DT5: 類似施設平均(N) | DU5: 全国平均
A6: グラフ参照用 | B6: =B8 -> 2016 | C6: =C8 -> 122254 | D6: =D8 -> 47 | E6: =E8 -> 14 | F6: =F8 -> 0 | G6: =G8 -> 1 | H6: =SUBSTITUTE(H8," ","") -> 千葉県君津市 | I6: =I8 -> 坂田駐車場 | J6: =J8 -> 法非適用 | K6: =K8 -> 駐車場整備事業 | L6: =L8 -> - | M6: =M8 -> Ａ３Ｂ１ | N6: =N8 -> 0 | O6: =O8 -> 該当数値なし | P6: =P8 -> 都市計画駐車場 | ... X6: =X8 -> 代行制 | Y6: =IF(Y8="-",NA(),Y8) -> 188 | Z6: =IF(Z8="-",NA(),Z8) -> 175 | AA6: =IF(AA8="-",NA(),AA8) -> 335 | AB6: =IF(AB8="-",NA(),AB8) -> 398 | AC6: =IF(AC8="-",NA(),AC8) -> 429 | AD6: =IF(AD8="-",NA(),AD8) -> 393.6 | AE6: =IF(AE8="-",NA(),AE8) -> 407.1 | AF6: =IF(AF8="-",NA(),AF8) -> 375.5 | ... AH6: =IF(AH8="-",NA(),AH8) -> 368.2 | AI6: =IF(AI8="-","",IF(AI8="-","【-】","【"&SUBSTITUTE(TEXT(AI8,"#,##0.0"),"-","△")&"】")) -> 【275.4】 | AJ6: =IF(AJ8="-",NA(),AJ8) -> 0 | AK6: =IF(AK8="-",NA(),AK8) -> 0 | AL6: =IF(AL8="-",NA(),AL8) -> 0 | AM6: =IF(AM8="-",NA(),AM8) -> 0 | AN6: =IF(AN8="-",NA(),AN8) -> 0 | AO6: =IF(AO8="-",NA(),AO8) -> 11.4 | AP6: =IF(AP8="-",NA(),AP8) -> 11 | AQ6: =IF(AQ8="-",NA(),AQ8) -> 7.8 | ... AS6: =IF(AS8="-",NA(),AS8) -> 5.9 | AT6: =IF(AT8="-","",IF(AT8="-","【-】","【"&SUBSTITUTE(TEXT(AT8,"#,##0.0"),"-","△")&"】")) -> 【13.3】 | AU6: =IF(AU8="-",NA(),AU8) -> 0 | AV6: =IF(AV8="-",NA(),AV8) -> 0 | AW6: =IF(AW8="-",NA(),AW8) -> 0 | AX6: =IF(AX8="-",NA(),AX8) -> 0 | AY6: =IF(AY8="-",NA(),AY8) -> 0 | AZ6: =IF(AZ8="-",NA(),AZ8) -> 105 | BA6: =IF(BA8="-",NA(),BA8) -> 61 | BB6: =IF(BB8="-",NA(),BB8) -> 40 | ... BD6: =IF(BD8="-",NA(),BD8) -> 29 | BE6: =IF(BE8="-","",IF(BE8="-","【-】","【"&SUBSTITUTE(TEXT(BE8,"#,##0"),"-","△")&"】")) -> 【140】 | BF6: =IF(BF8="-",NA(),BF8) -> 46.7 | BG6: =IF(BG8="-",NA(),BG8) -> 42.9 | BH6: =IF(BH8="-",NA(),BH8) -> 70.1 | BI6: =IF(BI8="-",NA(),BI8) -> 74.9 | BJ6: =IF(BJ8="-",NA(),BJ8) -> 76.7 | BK6: =IF(BK8="-",NA(),BK8) -> 51.9 | BL6: =IF(BL8="-",NA(),BL8) -> 59.2 | BM6: =IF(BM8="-",NA(),BM8) -> 64.5 | ... BO6: =IF(BO8="-",NA(),BO8) -> 52.8 | BP6: =IF(BP8="-","",IF(BP8="-","【-】","【"&SUBSTITUTE(TEXT(BP8,"#,##0.0"),"-","△")&"】")) -> 【45.2】 | BQ6: =IF(BQ8="-",NA(),BQ8) -> 13946 | BR6: =IF(BR8="-",NA(),BR8) -> 11998 | BS6: =IF(BS8="-",NA(),BS8) -> 20427 | BT6: =IF(BT8="-",NA(),BT8) -> 23747 | BU6: =IF(BU8="-",NA(),BU8) -> 25748 | BV6: =IF(BV8="-",NA(),BV8) -> 6188 | BW6: =IF(BW8="-",NA(),BW8) -> 7011 | BX6: =IF(BX8="-",NA(),BX8) -> 7612 | ... BZ6: =IF(BZ8="-",NA(),BZ8) -> 7407 | CA6: =IF(CA8="-","",IF(CA8="-","【-】","【"&SUBSTITUTE(TEXT(CA8,"#,##0"),"-","△")&"】")) -> 【19,129】 | CM6: =CM8 -> 289742 | CN6: =CN8 -> 3942 | CZ6: =IF(CZ8="-",NA(),CZ8) -> 0 | DA6: =IF(DA8="-",NA(),DA8) -> 0 | DB6: =IF(DB8="-",NA(),DB8) -> 0 | DC6: =IF(DC8="-",NA(),DC8) -> 0 | DD6: =IF(DD8="-",NA(),DD8) -> 0 | DE6: =IF(DE8="-",NA(),DE8) -> 123.1 | DF6: =IF(DF8="-",NA(),DF8) -> 92.3 | DG6: =IF(DG8="-",NA(),DG8) -> 85.4 | ... DI6: =IF(DI8="-",NA(),DI8) -> 64.1 | DJ6: =IF(DJ8="-","",IF(DJ8="-","【-】","【"&SUBSTITUTE(TEXT(DJ8,"#,##0.0"),"-","△")&"】")) -> 【122.6】 | DK6: =IF(DK8="-",NA(),DK8) -> 87.2 | DL6: =IF(DL8="-",NA(),DL8) -> 86.8 | DM6: =IF(DM8="-",NA(),DM8) -> 84.4 | DN6: =IF(DN8="-",NA(),DN8) -> 89.2 | DO6: =IF(DO8="-",NA(),DO8) -> 93.2 | DP6: =IF(DP8="-",NA(),DP8) -> 230 | DQ6: =IF(DQ8="-",NA(),DQ8) -> 244.3 | DR6: =IF(DR8="-",NA(),DR8) -> 238.1 | ... DT6: =IF(DT8="-",NA(),DT8) -> 268.7 | DU6: =IF(DU8="-","",IF(DU8="-","【-】","【"&SUBSTITUTE(TEXT(DU8,"#,##0.0"),"-","△")&"】")) -> 【194.5】
A7: 表参照用 | B7: =B8 -> 2016 | C7: =C8 -> 122254 | D7: =D8 -> 47 | E7: =E8 -> 14 | F7: =F8 -> 0 | G7: =G8 -> 1 | H7: =H8 -> 千葉県 君津市 | I7: =I8 -> 坂田駐車場 | ... AH7: =AH8 -> 368.2 | AJ7: =AJ8 -> 0 | AK7: =AK8 -> 0 | AL7: =AL8 -> 0 | AM7: =AM8 -> 0 | AN7: =AN8 -> 0 | AO7: =AO8 -> 11.4 | AP7: =AP8 -> 11 | AQ7: =AQ8 -> 7.8 | ... AS7: =AS8 -> 5.9 | AU7: =AU8 -> 0 | AV7: =AV8 -> 0 | AW7: =AW8 -> 0 | AX7: =AX8 -> 0 | AY7: =AY8 -> 0 | AZ7: =AZ8 -> 105 | BA7: =BA8 -> 61 | BB7: =BB8 -> 40 | ... BD7: =BD8 -> 29 | BF7: =BF8 -> 46.7 | BG7: =BG8 -> 42.9 | BH7: =BH8 -> 70.1 | BI7: =BI8 -> 74.9 | BJ7: =BJ8 -> 76.7 | BK7: =BK8 -> 51.9 | BL7: =BL8 -> 59.2 | BM7: =BM8 -> 64.5 | ... BO7: =BO8 -> 52.8 | BQ7: =BQ8 -> 13946 | BR7: =BR8 -> 11998 | BS7: =BS8 -> 20427 | BT7: =BT8 -> 23747 | BU7: =BU8 -> 25748 | BV7: =BV8 -> 6188 | BW7: =BW8 -> 7011 | BX7: =BX8 -> 7612 | ... BZ7: =BZ8 -> 7407 | CM7: =CM8 -> 289742 | CN7: =CN8 -> 3942 | CZ7: =CZ8 -> 0 | DA7: =DA8 -> 0 | DB7: =DB8 -> 0 | DC7: =DC8 -> 0 | DD7: =DD8 -> 0 | DE7: =DE8 -> 123.1 | DF7: =DF8 -> 92.3 | DG7: =DG8 -> 85.4 | ... DI7: =DI8 -> 64.1 | DK7: =DK8 -> 87.2 | DL7: =DL8 -> 86.8 | DM7: =DM8 -> 84.4 | DN7: =DN8 -> 89.2 | DO7: =DO8 -> 93.2 | DP7: =DP8 -> 230 | DQ7: =DQ8 -> 244.3 | DR7: =DR8 -> 238.1 | ... DT7: =DT8 -> 268.7
B8: 2016 | C8: 122254 | D8: 47 | E8: 14 | F8: 0 | G8: 1 | H8: 千葉県 君津市 | I8: 坂田駐車場 | J8: 法非適用 | K8: 駐車場整備事業 | L8: - | M8: Ａ３Ｂ１ | O8: 該当数値なし | P8: 都市計画駐車場 | Q8: 広場式 | R8: 38 | S8: 駅 | T8: 無 | U8: 7429 | V8: 250 | W8: 100 | X8: 代行制 | Y8: 188 | Z8: 175 | AA8: 335 | AB8: 398 | AC8: 429 | AD8: 393.6 | AE8: 407.1 | AF8: 375.5 | AG8: 441.2 | AH8: 368.2 | AI8: 275.4 | AJ8: 0 | AK8: 0 | AL8: 0 | AM8: 0 | AN8: 0 | AO8: 11.4 | AP8: 11 | AQ8: 7.8 | AR8: 6.7 | AS8: 5.9 | AT8: 13.3 | AU8: 0 | AV8: 0 | AW8: 0 | AX8: 0 | AY8: 0 | AZ8: 105 | BA8: 61 | BB8: 40 | BC8: 27 | BD8: 29 | BE8: 140 | BF8: 46.7 | BG8: 42.9 | BH8: 70.1 | BI8: 74.9 | BJ8: 76.7 | BK8: 51.9 | BL8: 59.2 | BM8: 64.5 | BN8: 60 | BO8: 52.8 | BP8: 45.2 | BQ8: 13946 | BR8: 11998 | BS8: 20427 | BT8: 23747 | BU8: 25748 | BV8: 6188 | BW8: 7011 | BX8: 7612 | BY8: 7104 | BZ8: 7407 | CA8: 19129 | CB8: - | CC8: - | CD8: - | CE8: - | CF8: - | CG8: - | CH8: - | CI8: - | CJ8: - | CK8: - | CL8: - | CM8: 289742 | CN8: 3942 | CO8: - | CP8: - | CQ8: - | CR8: - | CS8: - | CT8: - | CU8: - | CV8: - | CW8: - | CX8: - | CY8: - | CZ8: 0 | DA8: 0 | DB8: 0 | DC8: 0 | DD8: 0 | DE8: 123.1 | DF8: 92.3 | DG8: 85.4 | DH8: 76.3 | DI8: 64.1 | DJ8: 122.6 | DK8: 87.2 | DL8: 86.8 | DM8: 84.4 | DN8: 89.2 | DO8: 93.2 | DP8: 230 | DQ8: 244.3 | DR8: 238.1 | DS8: 261.8 | DT8: 268.7 | DU8: 194.5
B10: Ｎ－４年度 | C10: Ｎ－３年度 | D10: Ｎ－２年度 | E10: Ｎ－１年度 | F10: Ｎ年度
A11: 年度 | B11: =DATEVALUE($B$6-4&"年1月1日") -> 40909 | C11: =DATEVALUE($B$6-3&"年1月1日") -> 41275 | D11: =DATEVALUE($B$6-2&"年1月1日") -> 41640 | E11: =DATEVALUE($B$6-1&"年1月1日") -> 42005 | F11: =DATEVALUE($B$6&"年1月1日") -> 42370
